WCHLSIM.com - West Coast Hockey League
html PUBLIC "-//W3C//DTD XHTML 1.0 Transitional//EN" "http://www.w3.org/TR/xhtml1/DTD/xhtml1-transitional.dtd"> WCHL - Game 481 - ANCHORAGE ACES vs SPOKANE KNIGHTS

ANCHORAGE ACES vs SPOKANE KNIGHTS

Created - 13 décembre 2019 at 17:20

Goals
1 2 3 OT1 SO T
ANCHORAGE ACES 1 3 2 0 2 7
SPOKANE KNIGHTS 1 3 2 0 0 6
Shots
1 2 3 OT1 SO T
ANCHORAGE ACES 9 12 10 1 3 32
SPOKANE KNIGHTS 15 20 16 6 2 57

1st period

1. SPOKANE KNIGHTS , Kristopher Letang 4 (Blake Wheeler 20, Victor Hedman 14) at 7:19 (PP)
2. ANCHORAGE ACES , Leon Draisaitl 18 (Jakob Silfverberg 13) at 15:43

Penalties :
Deryk Engelland (ANC) for Tripping (Minor) at 0:52, Darnell Nurse (ANC) for Elbowing (Minor) at 6:57, Bogdan Kiselevich (SPO) for Hooking (Minor) at 8:38

2nd period

3. SPOKANE KNIGHTS , Matthew Tkachuk 11 (Patrick Kane 20, Sebastian Aho 32) at 0:41 (PP)
4. ANCHORAGE ACES , Connor McDavid 24 (Leon Draisaitl 18, Ryan Suter 17) at 8:31 (PP)
5. ANCHORAGE ACES , Connor McDavid 25 (Nathan MacKinnon 26) at 13:08
6. ANCHORAGE ACES , Leon Draisaitl 19 (Jakob Silfverberg 14) at 13:30
7. SPOKANE KNIGHTS , Patrick Kane 17 (Victor Hedman 15) at 17:28
8. SPOKANE KNIGHTS , Kristopher Letang 5 (Mikael Backlund 17, Tyler Johnson 8) at 18:34

Penalties :
Ben Chiarot (ANC) for Hooking (Minor) at 0:37, Blake Wheeler (SPO) for Diving (Minor) at 3:15, Anton Stralman (SPO) for Hooking (Minor) at 8:07, Ben Chiarot (ANC) for Hooking (Minor) at 9:00

3rd period

9. SPOKANE KNIGHTS , Blake Wheeler 15 (Tomas Hertl 24, Sebastian Aho 33) at 6:00
10. SPOKANE KNIGHTS , Matthew Tkachuk 12 (Kristopher Letang 9, Sebastian Aho 34) at 8:41 (PP)
11. ANCHORAGE ACES , Chris Kreider 12 (Leon Draisaitl 19, Jakob Silfverberg 15) at 10:12
12. ANCHORAGE ACES , Jakob Silfverberg 8 (Leon Draisaitl 20) at 12:19

Penalties :
Darnell Nurse (ANC) for High sticking (Minor) at 7:13

Overtime #1

No Goal

Penalties :
No Penalty

Shootout

ANCHORAGE ACES, Connor McDavid - Goal!
SPOKANE KNIGHTS, Matthew Tkachuk - Shot Misses the Net
ANCHORAGE ACES, Nathan MacKinnon - Stopped by Craig Anderson
SPOKANE KNIGHTS, Patrick Kane - Shot Misses the Net
ANCHORAGE ACES, Leon Draisaitl - Goal!

Penalties :
No Penalty

Goalie Stats

Martin Jones (ANC), 51 saves from 57 shots - (0,895), W, 17-5-4, 65:00 minutes
Craig Anderson (SPO), 9 saves from 11 shots - (0,818), OTL, 3-0-1, 31:30 minutes
Braden Holtby (SPO), 17 saves from 21 shots - (0,810), 33:30 minutes

Players Stats for ANCHORAGE ACES

Player Name              G  A  P  +/- PIM S  H  SB GA TA FO     MP     PP MP  PK MP  
------------------------------------------------------------------------------------
Andrew Cogliano          0  0  0  -1  0   0  0  0  0  0  0/0     5:27   0:00   0:00 
Ben Chiarot              0  0  0   1  4   1  7  1  0  0  0/0    21:02   1:59   2:32 
Cal Clutterbuck          0  0  0  -1  0   0  0  0  0  0  0/0     9:12   0:00   0:00 
Chris Kreider            1  0  1   3  0   2  2  0  0  0  1/1    21:39   2:19   0:00 
Connor McDavid           2  0  2   1  0   10 0  0  0  0  3/4    22:24   2:03   0:00 
Darnell Nurse            0  0  0   3  4   1  4  3  0  0  0/0    20:31   2:23   1:28 
Deryk Engelland          0  0  0  -2  2   1  0  1  0  0  0/0    18:48   0:00   1:52 
Frank Vatrano            0  0  0  -1  0   0  0  0  0  0  0/1    15:14   2:03   3:59 
Jacob Trouba             0  0  0   3  0   0  0  3  0  0  0/0    22:17   1:59   2:23 
Jakob Silfverberg        1  3  4   3  0   2  0  0  0  0  1/2    18:07   0:00   0:00 
Joonas Donskoi           0  0  0   1  0   1  0  0  0  0  0/0    21:38   2:19   1:53 
Leon Draisaitl           2  3  5   3  0   8  3  0  0  0  8/26   21:23   2:03   0:00 
Nate Thompson            0  0  0  -1  0   1  1  0  0  0  1/10    7:20   0:00   1:53 
Nathan MacKinnon         0  1  1   1  0   3  0  0  0  0  24/38  22:40   2:19   0:00 
Niklas Hjalmarsson       0  0  0   1  0   0  1  2  0  0  0/0    16:33   0:00   0:00 
Ryan Suter               0  1  1  -2  0   2  0  6  0  0  0/0    25:44   2:23   3:29 
Tom Kuhnhackl            0  0  0  -1  0   0  0  1  0  0  0/0     5:27   0:00   0:00 
Tyler Bozak              0  0  0  -1  0   0  0  0  0  0  13/23  13:37   0:00   3:59 

Players Stats for SPOKANE KNIGHTS

Player Name              G  A  P  +/- PIM S  H  SB GA TA FO     MP     PP MP  PK MP  
------------------------------------------------------------------------------------
Anton Stralman           0  0  0  -2  2   2  1  0  0  0  0/0    22:41   2:16   2:24 
Blake Wheeler            1  1  2   0  2   6  2  0  0  0  0/1    19:32   2:34   0:00 
Bogdan Kiselevich        0  0  0   0  2   0  0  0  0  0  0/0    16:00   0:00   0:00 
Brooks Orpik             0  0  0   0  0   0  1  3  0  0  0/0    16:01   0:00   0:00 
Kristopher Letang        2  1  3   0  0   8  2  3  0  0  0/0    24:38   3:36   1:58 
Marcus Kruger            0  0  0   0  0   0  0  0  0  0  1/2     3:09   0:00   0:00 
Matthew Tkachuk          2  0  2  -1  0   5  0  0  0  0  0/0    19:27   3:18   0:00 
Mikael Backlund          0  1  1  -1  0   3  2  0  0  0  10/23  18:37   0:00   2:53 
Patrick Kane             1  1  2  -1  0   7  0  0  0  0  1/1    19:27   3:18   0:00 
Phillip Danault          0  0  0  -1  0   2  0  0  0  0  9/19   18:41   0:00   1:29 
Sebastian Aho            0  3  3   0  0   8  3  0  0  0  23/37  21:23   3:18   0:00 
Tomas Hertl              0  1  1   0  0   9  1  0  0  0  3/6    22:08   2:34   1:29 
Tyler Johnson            0  1  1  -1  0   2  0  0  0  0  2/4    15:44   0:00   0:00 
Tyler Pitlick            0  0  0   0  0   0  0  0  0  0  1/1     3:09   0:00   0:00 
Valentin Zykov           0  0  0   0  0   0  0  0  0  0  0/0     3:09   0:00   0:00 
Victor Hedman            0  2  2   0  0   1  0  0  0  0  0/0    23:32   3:36   1:58 
Vincent Trocheck         0  0  0  -1  0   4  3  3  0  0  4/11   21:11   2:34   2:53 
Zdeno Chara              0  0  0  -2  0   0  2  4  0  0  0/0    22:06   2:16   2:24 

3 Stars

1 - Leon Draisaitl (ANC)
2 - Jakob Silfverberg (ANC)
3 - Kristopher Letang (SPO)

Power Play

ANCHORAGE ACES - 1 on 3 Attempt(s) - 33,33%
SPOKANE KNIGHTS - 3 on 5 Attempt(s) - 60,00%

Penalty Kill

ANCHORAGE ACES - 2 on 5 Attempt(s) - 40,00% - Score 0 goal in Penalty Kill
SPOKANE KNIGHTS - 2 on 3 Attempt(s) - 66,67% - Score 0 goal in Penalty Kill

Team Stat

ANCHORAGE ACES - Hits : 18 - Faceoff Wins : 51 - Blocked Shots : 17 - Penalty Minutes : 10
SPOKANE KNIGHTS - Hits : 17 - Faceoff Wins : 54 - Blocked Shots : 13 - Penalty Minutes : 6

Official

Referees : Ryan Fraser and Kyle Rehman
Linesman : Shandor Alphonso and Paul Reid

Game Notes

Craig Anderson enters game at 13:30 of 2nd period

Finance

Level 1 -- Attendance: 8229 (98,55%) -- Ticket Income 1 045 083 $
Level 2 -- Attendance: 5670 (92,95%) -- Ticket Income 487 620 $
Level 3 -- Attendance: 2313 (96,38%) -- Ticket Income 138 780 $
Level 4 -- Attendance: 5685 (94,75%) -- Ticket Income 221 715 $
Luxury Box -- Attendance: 1150 (100,00%) -- Ticket Income 293 250 $
Total Attendance: 23047 (96,03%)
Total Ticket Income: 2 186 448 $
Other Income: 655 934 $
Total Income: 2 842 382 $

ANCHORAGE ACES

5 vs 5 Forward 
   Center                   Left Wing                Right Wing               Time % Phy DF OF 
 1 Nathan MacKinnon         Connor McDavid           Joonas Donskoi           35     0   1  4  
 2 Leon Draisaitl           Chris Kreider            Jakob Silfverberg        35     0   2  3  
 3 Tyler Bozak              Frank Vatrano            Cal Clutterbuck          20     1   2  2  
 4 Nate Thompson            Andrew Cogliano          Tom Kuhnhackl            10     1   2  2  

5 vs 5 Defense 
   Defense                  Defense                                           Time % Phy DF OF 
 1 Jacob Trouba             Darnell Nurse                                     33     1   2  2  
 2 Ryan Suter               Deryk Engelland                                   33     1   2  2  
 3 Niklas Hjalmarsson       Ben Chiarot                                       33     1   2  2  
 4 Ryan Suter               Jacob Trouba                                      1      1   2  2  

PowerPlay Forward 
   Center                   Left Wing                Right Wing               Time % Phy DF OF 
 1 Connor McDavid           Leon Draisaitl           Frank Vatrano            55     0   1  4  
 2 Nathan MacKinnon         Chris Kreider            Joonas Donskoi           45     0   1  4  

PowerPlay Defense
   Defense                  Defense                                           Time % Phy DF OF 
 1 Ryan Suter               Darnell Nurse                                     55     1   2  2  
 2 Jacob Trouba             Ben Chiarot                                       45     1   2  2  

Penalty Kill 4 Players Forward 
   Center                   Wing                     Time % Phy DF OF 
 1 Tyler Bozak              Frank Vatrano            55     1   2  2  
 2 Nate Thompson            Joonas Donskoi           45     1   2  2  

Penalty Kill 4 Players Defense
   Defense                  Defense                  Time % Phy DF OF 
 1 Ryan Suter               Deryk Engelland          55     1   3  1  
 2 Ben Chiarot              Jacob Trouba             45     1   3  1  

Penalty Kill - 3 Players Forward 
   Forward                                           Time % Phy DF OF 
 1 Tyler Bozak                                       55     0   5  0  
 2 Nate Thompson                                     45     0   5  0  

Penalty Kill - 3 Players Defense
   Defense                  Defense                  Time % Phy DF OF 
 1 Jacob Trouba             Deryk Engelland          55     1   4  0  
 2 Darnell Nurse            Ryan Suter               45     1   4  0  

4 vs 4 Forward 
   Center                   Wing                     Time % Phy DF OF 
 1 Nathan MacKinnon         Connor McDavid           55     1   2  2  
 2 Leon Draisaitl           Chris Kreider            45     1   2  2  

4 vs 4 Defense
   Defense                  Defense                  Time % Phy DF OF 
 1 Ryan Suter               Jacob Trouba             55     1   2  2  
 2 Darnell Nurse            Deryk Engelland          45     1   2  2  

Last Minutes Offensive
   Center                   Left Wing                Right Wing               Defense                  Defense                  
   Nathan MacKinnon         Leon Draisaitl           Connor McDavid           Ryan Suter               Jacob Trouba             

Last Minutes Defensive
   Center                   Left Wing                Right Wing               Defense                  Defense                  
   Nathan MacKinnon         Leon Draisaitl           Frank Vatrano            Ryan Suter               Jacob Trouba             

Goaltenders
Starting : Martin Jones             
Backup : James Reimer             

Extra Forwards
Normal : Tyler Bozak, Nathan MacKinnon, Cal Clutterbuck - PP : Nathan MacKinnon, Nate Thompson - PK : Cal Clutterbuck
Extra Defensemen
Normal : Deryk Engelland, Ben Chiarot, Darnell Nurse - PP : Deryk Engelland - PK : Ben Chiarot, Darnell Nurse
Penalty Shots
Connor McDavid, Nathan MacKinnon, Leon Draisaitl, Chris Kreider, Jakob Silfverberg
Custom OT Lines Forwards
Nathan MacKinnon, Connor McDavid, Leon Draisaitl, Chris Kreider, Jakob Silfverberg, Tyler Bozak, Joonas Donskoi, Nate Thompson, Cal Clutterbuck, Andrew Cogliano
Custom OT Lines Defensemen
Ryan Suter, Jacob Trouba, Darnell Nurse, Deryk Engelland, Niklas Hjalmarsson

Scratches
Braden Christoffer (Healthy), Brendan Woods (Healthy), Christian Folin (Healthy), Frank Hora (Healthy), Jonathan Racine (Healthy)
Reid Gardiner (Healthy)

SPOKANE KNIGHTS

5 vs 5 Forward 
   Center                   Left Wing                Right Wing               Time % Phy DF OF 
 1 Sebastian Aho            Tomas Hertl              Blake Wheeler            32     1   2  2  
 2 Phillip Danault          Matthew Tkachuk          Patrick Kane             32     1   2  2  
 3 Mikael Backlund          Vincent Trocheck         Tyler Johnson            31     1   2  2  
 4 Marcus Kruger            Valentin Zykov           Tyler Pitlick            5      1   2  2  

5 vs 5 Defense 
   Defense                  Defense                                           Time % Phy DF OF 
 1 Victor Hedman            Kristopher Letang                                 33     1   2  2  
 2 Zdeno Chara              Anton Stralman                                    33     1   2  2  
 3 Bogdan Kiselevich        Brooks Orpik                                      24     1   2  2  
 4 Bogdan Kiselevich        Brooks Orpik                                      10     1   2  2  

PowerPlay Forward 
   Center                   Left Wing                Right Wing               Time % Phy DF OF 
 1 Sebastian Aho            Matthew Tkachuk          Patrick Kane             60     1   1  3  
 2 Vincent Trocheck         Tomas Hertl              Blake Wheeler            40     1   1  3  

PowerPlay Defense
   Defense                  Defense                                           Time % Phy DF OF 
 1 Victor Hedman            Kristopher Letang                                 60     1   1  3  
 2 Zdeno Chara              Anton Stralman                                    40     1   1  3  

Penalty Kill 4 Players Forward 
   Center                   Wing                     Time % Phy DF OF 
 1 Vincent Trocheck         Mikael Backlund          55     1   3  1  
 2 Phillip Danault          Tomas Hertl              45     1   3  1  

Penalty Kill 4 Players Defense
   Defense                  Defense                  Time % Phy DF OF 
 1 Zdeno Chara              Anton Stralman           60     1   3  1  
 2 Kristopher Letang        Victor Hedman            40     1   3  1  

Penalty Kill - 3 Players Forward 
   Forward                                           Time % Phy DF OF 
 1 Phillip Danault                                   60     0   5  0  
 2 Sebastian Aho                                     40     0   5  0  

Penalty Kill - 3 Players Defense
   Defense                  Defense                  Time % Phy DF OF 
 1 Kristopher Letang        Victor Hedman            60     0   5  0  
 2 Anton Stralman           Zdeno Chara              40     0   5  0  

4 vs 4 Forward 
   Center                   Wing                     Time % Phy DF OF 
 1 Sebastian Aho            Tomas Hertl              50     1   2  2  
 2 Phillip Danault          Blake Wheeler            50     1   2  2  

4 vs 4 Defense
   Defense                  Defense                  Time % Phy DF OF 
 1 Kristopher Letang        Victor Hedman            60     1   2  2  
 2 Anton Stralman           Zdeno Chara              40     1   2  2  

Last Minutes Offensive
   Center                   Left Wing                Right Wing               Defense                  Defense                  
   Sebastian Aho            Tomas Hertl              Blake Wheeler            Kristopher Letang        Victor Hedman            

Last Minutes Defensive
   Center                   Left Wing                Right Wing               Defense                  Defense                  
   Phillip Danault          Tomas Hertl              Blake Wheeler            Kristopher Letang        Victor Hedman            

Goaltenders
Starting : Braden Holtby            
Backup : Craig Anderson           

Extra Forwards
Normal : Tyler Johnson, Mikael Backlund, Patrick Kane - PP : Tyler Johnson, Tomas Hertl - PK : Tyler Johnson
Extra Defensemen
Normal : Zdeno Chara, Anton Stralman, Brooks Orpik - PP : Zdeno Chara - PK : Brooks Orpik, Zdeno Chara
Penalty Shots
Matthew Tkachuk, Patrick Kane, Tomas Hertl, Sebastian Aho, Blake Wheeler
Custom OT Lines Forwards
Sebastian Aho, Tomas Hertl, Phillip Danault, Blake Wheeler, Patrick Kane, Matthew Tkachuk, Mikael Backlund, Vincent Trocheck, Tyler Johnson, Tyler Pitlick
Custom OT Lines Defensemen
Kristopher Letang, Victor Hedman, Anton Stralman, Zdeno Chara, Brooks Orpik

Scratches
Dmitri Jaskin (Strained Left Knee Injury), Jamie Oleksiak (Healthy), Noah Hanifin (Healthy)

% Time on Ice - ANCHORAGE ACES

Lines # - Real PCT - Wanted PCT - Time Play
Normal Forward
1 - 35% - 35% - 17:26
2 - 36% - 35% - 17:41
3 - 18% - 20% - 9:12
4 - 11% - 10% - 5:27
Normal Defense
1 - 33% - 33% - 16:16
2 - 34% - 33% - 16:57
3 - 33% - 33% - 16:33
4 - 0% - 1% - 0:00
PP Forward
1 - 47% - 55% - 2:03
2 - 53% - 45% - 2:19
PP Defense
1 - 55% - 55% - 2:23
2 - 45% - 45% - 1:59
PK Forward
1 - 68% - 55% - 3:59
2 - 32% - 45% - 1:53
PK Defense
1 - 59% - 55% - 3:29
2 - 41% - 45% - 2:23
PK3 Forward
1 - 0% - 55%
2 - 0% - 45%
PK3 Defense
1 - 0% - 55%
2 - 0% - 45%
44 Forward
1 - 0% - 55%
2 - 0% - 45%
44 Defense
1 - 0% - 55%
2 - 0% - 45%
Last Minute Offensive  - 0:00
Last Minute Defensive  - 0:00
Total
Forward - 60:00
Defense - 60:00

% Time on Ice - SPOKANE KNIGHTS

Lines # - Real PCT - Wanted PCT - Time Play
Normal Forward
1 - 31% - 32% - 15:20
2 - 31% - 32% - 15:33
3 - 32% - 31% - 15:44
4 - 6% - 5% - 3:09
Normal Defense
1 - 33% - 33% - 16:19
2 - 35% - 33% - 17:26
3 - 25% - 24% - 12:31
4 - 7% - 10% - 3:30
PP Forward
1 - 56% - 60% - 3:18
2 - 44% - 40% - 2:34
PP Defense
1 - 61% - 60% - 3:36
2 - 39% - 40% - 2:16
PK Forward
1 - 66% - 55% - 2:53
2 - 34% - 45% - 1:29
PK Defense
1 - 55% - 60% - 2:24
2 - 45% - 40% - 1:58
PK3 Forward
1 - 0% - 60%
2 - 0% - 40%
PK3 Defense
1 - 0% - 60%
2 - 0% - 40%
44 Forward
1 - 0% - 50%
2 - 0% - 50%
44 Defense
1 - 0% - 60%
2 - 0% - 40%
Last Minute Offensive  - 0:00
Last Minute Defensive  - 0:00
Total
Forward - 60:00
Defense - 60:00

Play-by-Play

1st period


0:01 of 1st period - Sebastian Aho wins face-off versus Connor McDavid in neutral zone.
0:15 of 1st period - Shot by Connor McDavid.
0:15 of 1st period - Stopped by Braden Holtby with a rebound.
0:23 of 1st period - Nathan MacKinnon is hit by Sebastian Aho and loses puck.
0:32 of 1st period - Shot by Blake Wheeler.
0:32 of 1st period - Stopped by Martin Jones without a rebound.
0:33 of 1st period - Phillip Danault wins face-off versus Leon Draisaitl in ANCHORAGE ACES zone.
0:43 of 1st period - Icing by Ryan Suter.
0:44 of 1st period - Mikael Backlund wins face-off versus Leon Draisaitl in ANCHORAGE ACES zone.
0:52 of 1st period - Minor Penalty to Deryk Engelland for Tripping.
0:53 of 1st period - Tyler Bozak wins face-off versus Sebastian Aho in ANCHORAGE ACES zone.
1:04 of 1st period - Kristopher Letang is hit by Nate Thompson.
1:16 of 1st period - Shot by Matthew Tkachuk.
1:16 of 1st period - Shot Misses the Net.
1:31 of 1st period - Shot by Kristopher Letang.
1:31 of 1st period - Stopped by Martin Jones without a rebound.
1:32 of 1st period - Tyler Bozak wins face-off versus Vincent Trocheck in ANCHORAGE ACES zone.
2:09 of 1st period - Shot by Blake Wheeler.
2:09 of 1st period - Stopped by Martin Jones without a rebound.
2:10 of 1st period - Sebastian Aho wins face-off versus Frank Vatrano in ANCHORAGE ACES zone.
2:11 of 1st period - Shot by Matthew Tkachuk.
2:11 of 1st period - Shot Misses the Net.
2:13 of 1st period - Shot by Kristopher Letang.
2:13 of 1st period - Stopped by Martin Jones without a rebound.
2:14 of 1st period - Sebastian Aho wins face-off versus Tyler Bozak in ANCHORAGE ACES zone.
2:15 of 1st period - Shot by Kristopher Letang.
2:15 of 1st period - Stopped by Martin Jones without a rebound.
2:16 of 1st period - Tyler Bozak wins face-off versus Sebastian Aho in ANCHORAGE ACES zone.
2:16 of 1st period - Ryan Suter is hit by Sebastian Aho and loses puck.
2:49 of 1st period - Shot by Matthew Tkachuk.
2:49 of 1st period - Stopped by Martin Jones without a rebound.
2:50 of 1st period - Vincent Trocheck wins face-off versus Nate Thompson in ANCHORAGE ACES zone.
2:53 of 1st period - Shot by Tomas Hertl.
2:53 of 1st period - Shot Misses the Net.
3:01 of 1st period - Shot by Darnell Nurse.
3:01 of 1st period - Stopped by Braden Holtby without a rebound.
3:02 of 1st period - Mikael Backlund wins face-off versus Leon Draisaitl in SPOKANE KNIGHTS zone.
4:23 of 1st period - Icing by Victor Hedman.
4:24 of 1st period - Tyler Bozak wins face-off versus Phillip Danault in SPOKANE KNIGHTS zone.
4:34 of 1st period - Matthew Tkachuk is hit by Ben Chiarot and loses puck.
4:48 of 1st period - Patrick Kane is hit by Ben Chiarot and loses puck.
4:53 of 1st period - Shot by Matthew Tkachuk.
4:53 of 1st period - Shot Blocked by Niklas Hjalmarsson.
5:10 of 1st period - Tomas Hertl is hit by Ben Chiarot.
5:32 of 1st period - Shot by Tomas Hertl.
5:32 of 1st period - Stopped by Martin Jones without a rebound.
5:33 of 1st period - Nathan MacKinnon wins face-off versus Mikael Backlund in ANCHORAGE ACES zone.
5:38 of 1st period - Shot by Nathan MacKinnon.
5:38 of 1st period - Stopped by Braden Holtby without a rebound.
5:39 of 1st period - Nathan MacKinnon wins face-off versus Mikael Backlund in SPOKANE KNIGHTS zone.
5:42 of 1st period - Shot by Ryan Suter.
5:42 of 1st period - Stopped by Braden Holtby with a rebound.
5:44 of 1st period - Shot by Nathan MacKinnon.
5:44 of 1st period - Shot Misses the Net.
5:52 of 1st period - Shot by Nathan MacKinnon.
5:52 of 1st period - Stopped by Braden Holtby without a rebound.
5:53 of 1st period - Nate Thompson wins face-off versus Sebastian Aho in SPOKANE KNIGHTS zone.
6:02 of 1st period - Ryan Suter is hit by Blake Wheeler and loses puck.
6:22 of 1st period - Off-side.
6:23 of 1st period - Nathan MacKinnon wins face-off versus Phillip Danault in neutral zone.
6:29 of 1st period - Connor McDavid is hit by Zdeno Chara and loses puck.
6:57 of 1st period - Minor Penalty to Darnell Nurse for Elbowing.
6:58 of 1st period - Tyler Bozak wins face-off versus Vincent Trocheck in ANCHORAGE ACES zone.
7:13 of 1st period - Shot by Kristopher Letang.
7:13 of 1st period - Stopped by Martin Jones with a rebound.
7:19 of 1st period - Shot by Kristopher Letang.
7:19 of 1st period - Goal by Kristopher Letang - ANCHORAGE ACES : 0 - SPOKANE KNIGHTS : 1.
7:20 of 1st period - Marcus Kruger wins face-off versus Leon Draisaitl in neutral zone.
7:41 of 1st period - Icing by Ben Chiarot.
7:42 of 1st period - Sebastian Aho wins face-off versus Leon Draisaitl in ANCHORAGE ACES zone.
7:45 of 1st period - Shot by Tomas Hertl.
7:45 of 1st period - Stopped by Martin Jones without a rebound.
7:46 of 1st period - Sebastian Aho wins face-off versus Nathan MacKinnon in ANCHORAGE ACES zone.
7:57 of 1st period - Nathan MacKinnon is hit by Blake Wheeler.
8:06 of 1st period - Off-side.
8:07 of 1st period - Mikael Backlund wins face-off versus Leon Draisaitl in neutral zone.
8:38 of 1st period - Minor Penalty to Bogdan Kiselevich for Hooking.
8:39 of 1st period - Connor McDavid wins face-off versus Vincent Trocheck in SPOKANE KNIGHTS zone.
8:44 of 1st period - Shot by Connor McDavid.
8:44 of 1st period - Shot Misses the Net.
8:46 of 1st period - Shot by Ryan Suter.
8:46 of 1st period - Shot Blocked by Zdeno Chara.
8:48 of 1st period - Shot by Leon Draisaitl.
8:48 of 1st period - Stopped by Braden Holtby without a rebound.
8:49 of 1st period - Phillip Danault wins face-off versus Nathan MacKinnon in SPOKANE KNIGHTS zone.
9:20 of 1st period - Shot by Joonas Donskoi.
9:20 of 1st period - Shot Blocked by Vincent Trocheck.
9:55 of 1st period - Shot by Leon Draisaitl.
9:55 of 1st period - Shot Misses the Net.
10:24 of 1st period - Shot by Leon Draisaitl.
10:24 of 1st period - Shot Misses the Net.
10:26 of 1st period - Shot by Jacob Trouba.
10:26 of 1st period - Shot Misses the Net.
10:54 of 1st period - Shot by Marcus Kruger.
10:54 of 1st period - Shot Blocked by Tom Kuhnhackl.
11:53 of 1st period - Shot by Sebastian Aho.
11:53 of 1st period - Stopped by Martin Jones with a rebound.
12:34 of 1st period - Shot by Vincent Trocheck.
12:34 of 1st period - Stopped by Martin Jones with a rebound.
13:27 of 1st period - Shot by Phillip Danault.
13:27 of 1st period - Deflect By Matthew Tkachuk.
13:27 of 1st period - Shot Misses the Net.
15:09 of 1st period - Icing by Zdeno Chara.
15:10 of 1st period - Leon Draisaitl wins face-off versus Blake Wheeler in SPOKANE KNIGHTS zone.
15:11 of 1st period - Shot by Chris Kreider.
15:11 of 1st period - Shot Misses the Net.
15:13 of 1st period - Shot by Leon Draisaitl.
15:13 of 1st period - Stopped by Braden Holtby without a rebound.
15:14 of 1st period - Leon Draisaitl wins face-off versus Phillip Danault in SPOKANE KNIGHTS zone.
15:43 of 1st period - Shot by Leon Draisaitl.
15:43 of 1st period - Goal by Leon Draisaitl - ANCHORAGE ACES : 1 - SPOKANE KNIGHTS : 1.
15:44 of 1st period - Vincent Trocheck wins face-off versus Nathan MacKinnon in neutral zone.
15:50 of 1st period - Shot by Mikael Backlund.
15:50 of 1st period - Stopped by Martin Jones without a rebound.
15:51 of 1st period - Nathan MacKinnon wins face-off versus Mikael Backlund in ANCHORAGE ACES zone.
15:53 of 1st period - Icing by Connor McDavid.
15:54 of 1st period - Mikael Backlund wins face-off versus Nathan MacKinnon in ANCHORAGE ACES zone.
16:51 of 1st period - Icing by Zdeno Chara.
16:52 of 1st period - Chris Kreider wins face-off versus Mikael Backlund in SPOKANE KNIGHTS zone.
17:50 of 1st period - Shot by Matthew Tkachuk.
17:50 of 1st period - Shot Blocked by Darnell Nurse.
17:54 of 1st period - Shot by Patrick Kane.
17:54 of 1st period - Stopped by Martin Jones without a rebound.
17:55 of 1st period - Sebastian Aho wins face-off versus Nate Thompson in ANCHORAGE ACES zone.
18:04 of 1st period - Shot by Sebastian Aho.
18:04 of 1st period - Stopped by Martin Jones without a rebound.
18:05 of 1st period - Sebastian Aho wins face-off versus Nathan MacKinnon in ANCHORAGE ACES zone.
18:50 of 1st period - Shot by Tomas Hertl.
18:50 of 1st period - Shot Blocked by Jacob Trouba.
19:16 of 1st period - Shot by Patrick Kane.
19:16 of 1st period - Shot Misses the Net.
19:42 of 1st period - Shot by Chris Kreider.
19:42 of 1st period - Stopped by Braden Holtby without a rebound.
19:43 of 1st period - Mikael Backlund wins face-off versus Leon Draisaitl in SPOKANE KNIGHTS zone.
19:43 of 1st period - Mikael Backlund is hit by Chris Kreider.
Goals for this period are 1 for ANCHORAGE ACES vs 1 for SPOKANE KNIGHTS.
Shots for this period are 9 for ANCHORAGE ACES vs 15 for SPOKANE KNIGHTS.

2nd period


0:01 of 2nd period - Sebastian Aho wins face-off versus Tyler Bozak in neutral zone.
0:37 of 2nd period - Minor Penalty to Ben Chiarot for Hooking.
0:38 of 2nd period - Sebastian Aho wins face-off versus Nate Thompson in ANCHORAGE ACES zone.
0:39 of 2nd period - Shot by Patrick Kane.
0:39 of 2nd period - Stopped by Martin Jones with a rebound.
0:41 of 2nd period - Shot by Matthew Tkachuk.
0:41 of 2nd period - Goal by Matthew Tkachuk - ANCHORAGE ACES : 1 - SPOKANE KNIGHTS : 2.
0:42 of 2nd period - Phillip Danault wins face-off versus Leon Draisaitl in neutral zone.
0:59 of 2nd period - Shot by Leon Draisaitl.
0:59 of 2nd period - Stopped by Braden Holtby without a rebound.
1:00 of 2nd period - Mikael Backlund wins face-off versus Nathan MacKinnon in SPOKANE KNIGHTS zone.
1:17 of 2nd period - Shot by Connor McDavid.
1:17 of 2nd period - Stopped by Braden Holtby without a rebound.
1:18 of 2nd period - Phillip Danault wins face-off versus Leon Draisaitl in SPOKANE KNIGHTS zone.
1:43 of 2nd period - Shot by Patrick Kane.
1:43 of 2nd period - Shot Misses the Net.
2:26 of 2nd period - Shot by Connor McDavid.
2:26 of 2nd period - Stopped by Braden Holtby without a rebound.
2:27 of 2nd period - Tyler Bozak wins face-off versus Sebastian Aho in SPOKANE KNIGHTS zone.
3:15 of 2nd period - Minor Penalty to Blake Wheeler for Diving.
3:16 of 2nd period - Nathan MacKinnon wins face-off versus Vincent Trocheck in SPOKANE KNIGHTS zone.
3:37 of 2nd period - Shot by Nathan MacKinnon.
3:37 of 2nd period - Shot Misses the Net.
3:39 of 2nd period - Shot by Joonas Donskoi.
3:39 of 2nd period - Shot Blocked by Zdeno Chara.
4:26 of 2nd period - Shot by Leon Draisaitl.
4:26 of 2nd period - Shot Blocked by Kristopher Letang.
4:28 of 2nd period - Shot by Leon Draisaitl.
4:28 of 2nd period - Deflect By Connor McDavid.
4:28 of 2nd period - Shot Misses the Net.
4:30 of 2nd period - Shot by Ben Chiarot.
4:30 of 2nd period - Stopped by Braden Holtby without a rebound.
4:31 of 2nd period - Nathan MacKinnon wins face-off versus Vincent Trocheck in SPOKANE KNIGHTS zone.
4:45 of 2nd period - Icing by Jacob Trouba.
4:46 of 2nd period - Nathan MacKinnon wins face-off versus Vincent Trocheck in ANCHORAGE ACES zone.
5:29 of 2nd period - Shot by Tom Kuhnhackl.
5:29 of 2nd period - Shot Misses the Net.
5:31 of 2nd period - Shot by Ryan Suter.
5:31 of 2nd period - Stopped by Braden Holtby with a rebound.
5:33 of 2nd period - Shot by Nate Thompson.
5:33 of 2nd period - Stopped by Braden Holtby without a rebound.
5:34 of 2nd period - Phillip Danault wins face-off versus Tyler Bozak in SPOKANE KNIGHTS zone.
5:38 of 2nd period - Icing by Matthew Tkachuk.
5:39 of 2nd period - Tyler Bozak wins face-off versus Phillip Danault in SPOKANE KNIGHTS zone.
6:50 of 2nd period - Shot by Nathan MacKinnon.
6:50 of 2nd period - Shot Blocked by Brooks Orpik.
7:10 of 2nd period - Shot by Nathan MacKinnon.
7:10 of 2nd period - Shot Blocked by Vincent Trocheck.
7:12 of 2nd period - Shot by Ben Chiarot.
7:12 of 2nd period - Shot Blocked by Vincent Trocheck.
7:14 of 2nd period - Shot by Nathan MacKinnon.
7:14 of 2nd period - Shot Misses the Net.
7:16 of 2nd period - Shot by Connor McDavid.
7:16 of 2nd period - Stopped by Braden Holtby without a rebound.
7:17 of 2nd period - Sebastian Aho wins face-off versus Leon Draisaitl in SPOKANE KNIGHTS zone.
7:22 of 2nd period - Shot by Tomas Hertl.
7:22 of 2nd period - Stopped by Martin Jones without a rebound.
7:23 of 2nd period - Sebastian Aho wins face-off versus Leon Draisaitl in ANCHORAGE ACES zone.
7:23 of 2nd period - Sebastian Aho is hit by Darnell Nurse.
7:25 of 2nd period - Shot by Tomas Hertl.
7:25 of 2nd period - Deflect By Blake Wheeler.
7:25 of 2nd period - Shot Blocked by Jacob Trouba.
7:33 of 2nd period - Shot by Tomas Hertl.
7:33 of 2nd period - Shot Misses the Net.
7:35 of 2nd period - Shot by Blake Wheeler.
7:35 of 2nd period - Shot Misses the Net.
7:37 of 2nd period - Shot by Tomas Hertl.
7:37 of 2nd period - Stopped by Martin Jones with a rebound.
7:39 of 2nd period - Shot by Tomas Hertl.
7:39 of 2nd period - Stopped by Martin Jones without a rebound.
7:40 of 2nd period - Connor McDavid wins face-off versus Phillip Danault in ANCHORAGE ACES zone.
7:46 of 2nd period - Off-side.
7:47 of 2nd period - Nathan MacKinnon wins face-off versus Mikael Backlund in neutral zone.
7:50 of 2nd period - Shot by Connor McDavid.
7:50 of 2nd period - Shot Misses the Net.
8:07 of 2nd period - Minor Penalty to Anton Stralman for Hooking.
8:08 of 2nd period - Connor McDavid wins face-off versus Vincent Trocheck in SPOKANE KNIGHTS zone.
8:31 of 2nd period - Shot by Connor McDavid.
8:31 of 2nd period - Goal by Connor McDavid - ANCHORAGE ACES : 2 - SPOKANE KNIGHTS : 2.
8:32 of 2nd period - Sebastian Aho wins face-off versus Nate Thompson in neutral zone.
8:39 of 2nd period - Shot by Sebastian Aho.
8:39 of 2nd period - Stopped by Martin Jones without a rebound.
8:40 of 2nd period - Leon Draisaitl wins face-off versus Sebastian Aho in ANCHORAGE ACES zone.
8:50 of 2nd period - Blake Wheeler is hit by Ben Chiarot and loses puck.
9:00 of 2nd period - Minor Penalty to Ben Chiarot for Hooking.
9:01 of 2nd period - Tyler Bozak wins face-off versus Sebastian Aho in ANCHORAGE ACES zone.
9:44 of 2nd period - Shot by Matthew Tkachuk.
9:44 of 2nd period - Deflect By Patrick Kane.
9:44 of 2nd period - Stopped by Martin Jones without a rebound.
9:45 of 2nd period - Vincent Trocheck wins face-off versus Nate Thompson in ANCHORAGE ACES zone.
10:23 of 2nd period - Shot by Blake Wheeler.
10:23 of 2nd period - Shot Blocked by Ryan Suter.
10:25 of 2nd period - Shot by Tomas Hertl.
10:25 of 2nd period - Stopped by Martin Jones without a rebound.
10:26 of 2nd period - Tyler Bozak wins face-off versus Sebastian Aho in ANCHORAGE ACES zone.
10:26 of 2nd period - Tyler Bozak is hit by Sebastian Aho.
10:51 of 2nd period - Shot by Victor Hedman.
10:51 of 2nd period - Stopped by Martin Jones with a rebound.
10:53 of 2nd period - Shot by Sebastian Aho.
10:53 of 2nd period - Shot Blocked by Darnell Nurse.
10:55 of 2nd period - Shot by Matthew Tkachuk.
10:55 of 2nd period - Shot Misses the Net.
11:02 of 2nd period - Icing by Ben Chiarot.
11:03 of 2nd period - Mikael Backlund wins face-off versus Leon Draisaitl in ANCHORAGE ACES zone.
12:08 of 2nd period - Icing by Kristopher Letang.
12:09 of 2nd period - Tyler Bozak wins face-off versus Phillip Danault in SPOKANE KNIGHTS zone.
12:47 of 2nd period - Tyler Bozak is hit by Kristopher Letang and loses puck.
12:50 of 2nd period - Shot by Deryk Engelland.
12:50 of 2nd period - Stopped by Braden Holtby without a rebound.
12:51 of 2nd period - Sebastian Aho wins face-off versus Nathan MacKinnon in SPOKANE KNIGHTS zone.
13:04 of 2nd period - Shot by Nathan MacKinnon.
13:04 of 2nd period - Deflect By Connor McDavid.
13:04 of 2nd period - Shot Blocked by Zdeno Chara.
13:06 of 2nd period - Shot by Connor McDavid.
13:06 of 2nd period - Stopped by Braden Holtby with a rebound.
13:08 of 2nd period - Shot by Connor McDavid.
13:08 of 2nd period - Goal by Connor McDavid - ANCHORAGE ACES : 3 - SPOKANE KNIGHTS : 2.
13:09 of 2nd period - Tyler Johnson wins face-off versus Leon Draisaitl in neutral zone.
13:14 of 2nd period - Shot by Vincent Trocheck.
13:14 of 2nd period - Stopped by Martin Jones with a rebound.
13:30 of 2nd period - Shot by Leon Draisaitl.
13:30 of 2nd period - Goal by Leon Draisaitl - ANCHORAGE ACES : 4 - SPOKANE KNIGHTS : 2.
13:30 of 2nd period - Craig Anderson enters game.
13:31 of 2nd period - Nathan MacKinnon wins face-off versus Sebastian Aho in neutral zone.
13:54 of 2nd period - Shot by Tomas Hertl.
13:54 of 2nd period - Stopped by Martin Jones without a rebound.
13:55 of 2nd period - Leon Draisaitl wins face-off versus Tyler Johnson in ANCHORAGE ACES zone.
13:55 of 2nd period - Leon Draisaitl is hit by Mikael Backlund.
14:05 of 2nd period - Shot by Mikael Backlund.
14:05 of 2nd period - Shot Blocked by Ryan Suter.
14:07 of 2nd period - Shot by Anton Stralman.
14:07 of 2nd period - Stopped by Martin Jones with a rebound.
14:13 of 2nd period - Shot by Vincent Trocheck.
14:13 of 2nd period - Stopped by Martin Jones without a rebound.
14:14 of 2nd period - Nathan MacKinnon wins face-off versus Sebastian Aho in ANCHORAGE ACES zone.
14:14 of 2nd period - Nathan MacKinnon is hit by Tomas Hertl.
14:26 of 2nd period - Shot by Connor McDavid.
14:26 of 2nd period - Shot Blocked by Kristopher Letang.
14:36 of 2nd period - Shot by Blake Wheeler.
14:36 of 2nd period - Stopped by Martin Jones without a rebound.
14:37 of 2nd period - Phillip Danault wins face-off versus Leon Draisaitl in ANCHORAGE ACES zone.
14:56 of 2nd period - Shot by Patrick Kane.
14:56 of 2nd period - Stopped by Martin Jones without a rebound.
14:57 of 2nd period - Nathan MacKinnon wins face-off versus Sebastian Aho in ANCHORAGE ACES zone.
15:16 of 2nd period - Shot by Connor McDavid.
15:16 of 2nd period - Shot Misses the Net.
16:04 of 2nd period - Darnell Nurse is hit by Vincent Trocheck and loses puck.
17:07 of 2nd period - Icing by Ryan Suter.
17:08 of 2nd period - Tyler Pitlick wins face-off versus Tyler Bozak in ANCHORAGE ACES zone.
17:12 of 2nd period - Icing by Tyler Bozak.
17:13 of 2nd period - Patrick Kane wins face-off versus Tyler Bozak in ANCHORAGE ACES zone.
17:16 of 2nd period - Shot by Matthew Tkachuk.
17:16 of 2nd period - Shot Blocked by Ryan Suter.
17:28 of 2nd period - Shot by Patrick Kane.
17:28 of 2nd period - Goal by Patrick Kane - ANCHORAGE ACES : 4 - SPOKANE KNIGHTS : 3.
17:29 of 2nd period - Nathan MacKinnon wins face-off versus Sebastian Aho in neutral zone.
17:31 of 2nd period - Off-side.
17:32 of 2nd period - Nathan MacKinnon wins face-off versus Phillip Danault in neutral zone.
17:48 of 2nd period - Shot by Patrick Kane.
17:48 of 2nd period - Stopped by Martin Jones without a rebound.
17:49 of 2nd period - Leon Draisaitl wins face-off versus Mikael Backlund in ANCHORAGE ACES zone.
17:49 of 2nd period - Leon Draisaitl is hit by Mikael Backlund.
17:59 of 2nd period - Shot by Mikael Backlund.
17:59 of 2nd period - Shot Misses the Net.
18:15 of 2nd period - Shot by Mikael Backlund.
18:15 of 2nd period - Deflect By Tyler Johnson.
18:15 of 2nd period - Stopped by Martin Jones with a rebound.
18:32 of 2nd period - Shot by Mikael Backlund.
18:32 of 2nd period - Stopped by Martin Jones with a rebound.
18:34 of 2nd period - Shot by Kristopher Letang.
18:34 of 2nd period - Goal by Kristopher Letang - ANCHORAGE ACES : 4 - SPOKANE KNIGHTS : 4.
18:35 of 2nd period - Phillip Danault wins face-off versus Nathan MacKinnon in neutral zone.
19:13 of 2nd period - Connor McDavid is hit by Anton Stralman and loses puck.
19:35 of 2nd period - Frank Vatrano is hit by Zdeno Chara and loses puck.
Goals for this period are 3 for ANCHORAGE ACES vs 3 for SPOKANE KNIGHTS.
Shots for this period are 12 for ANCHORAGE ACES vs 20 for SPOKANE KNIGHTS.

3rd period


0:01 of 3rd period - Sebastian Aho wins face-off versus Nathan MacKinnon in neutral zone.
0:08 of 3rd period - Shot by Blake Wheeler.
0:08 of 3rd period - Shot Blocked by Deryk Engelland.
0:17 of 3rd period - Icing by Deryk Engelland.
0:18 of 3rd period - Nathan MacKinnon wins face-off versus Mikael Backlund in ANCHORAGE ACES zone.
0:22 of 3rd period - Off-side.
0:23 of 3rd period - Sebastian Aho wins face-off versus Leon Draisaitl in neutral zone.
0:43 of 3rd period - Icing by Leon Draisaitl.
0:44 of 3rd period - Mikael Backlund wins face-off versus Jakob Silfverberg in ANCHORAGE ACES zone.
0:53 of 3rd period - Mikael Backlund is hit by Leon Draisaitl.
0:54 of 3rd period - Icing by Mikael Backlund.
0:55 of 3rd period - Nathan MacKinnon wins face-off versus Mikael Backlund in SPOKANE KNIGHTS zone.
0:58 of 3rd period - Shot by Nathan MacKinnon.
0:58 of 3rd period - Shot Misses the Net.
1:04 of 3rd period - Shot by Nathan MacKinnon.
1:04 of 3rd period - Shot Blocked by Brooks Orpik.
1:53 of 3rd period - Icing by Jacob Trouba.
1:54 of 3rd period - Nathan MacKinnon wins face-off versus Phillip Danault in ANCHORAGE ACES zone.
2:23 of 3rd period - Shot by Patrick Kane.
2:23 of 3rd period - Shot Misses the Net.
2:25 of 3rd period - Shot by Anton Stralman.
2:25 of 3rd period - Stopped by Martin Jones without a rebound.
2:26 of 3rd period - Sebastian Aho wins face-off versus Leon Draisaitl in ANCHORAGE ACES zone.
2:39 of 3rd period - Shot by Tomas Hertl.
2:39 of 3rd period - Deflect By Sebastian Aho.
2:39 of 3rd period - Stopped by Martin Jones with a rebound.
2:47 of 3rd period - Shot by Blake Wheeler.
2:47 of 3rd period - Stopped by Martin Jones without a rebound.
2:48 of 3rd period - Tyler Bozak wins face-off versus Mikael Backlund in ANCHORAGE ACES zone.
2:59 of 3rd period - Shot by Tyler Bozak.
2:59 of 3rd period - Shot Blocked by Zdeno Chara.
3:20 of 3rd period - Mikael Backlund is hit by Niklas Hjalmarsson and loses puck.
3:27 of 3rd period - Shot by Vincent Trocheck.
3:27 of 3rd period - Deflect By Tyler Johnson.
3:27 of 3rd period - Stopped by Martin Jones without a rebound.
3:28 of 3rd period - Sebastian Aho wins face-off versus Leon Draisaitl in ANCHORAGE ACES zone.
4:27 of 3rd period - Shot by Phillip Danault.
4:27 of 3rd period - Shot Misses the Net.
4:46 of 3rd period - Icing by Ben Chiarot.
4:47 of 3rd period - Tyler Johnson wins face-off versus Nate Thompson in ANCHORAGE ACES zone.
4:58 of 3rd period - Shot by Vincent Trocheck.
4:58 of 3rd period - Shot Misses the Net.
5:54 of 3rd period - Shot by Sebastian Aho.
5:54 of 3rd period - Stopped by Martin Jones with a rebound.
6:00 of 3rd period - Shot by Blake Wheeler.
6:00 of 3rd period - Goal by Blake Wheeler - ANCHORAGE ACES : 4 - SPOKANE KNIGHTS : 5.
6:01 of 3rd period - Nathan MacKinnon wins face-off versus Phillip Danault in neutral zone.
6:04 of 3rd period - Shot by Nathan MacKinnon.
6:04 of 3rd period - Shot Blocked by Brooks Orpik.
6:08 of 3rd period - Shot by Nathan MacKinnon.
6:08 of 3rd period - Stopped by Craig Anderson without a rebound.
6:09 of 3rd period - Nathan MacKinnon wins face-off versus Sebastian Aho in SPOKANE KNIGHTS zone.
6:14 of 3rd period - Shot by Nathan MacKinnon.
6:14 of 3rd period - Deflect By Connor McDavid.
6:14 of 3rd period - Stopped by Craig Anderson without a rebound.
6:15 of 3rd period - Nathan MacKinnon wins face-off versus Sebastian Aho in SPOKANE KNIGHTS zone.
6:26 of 3rd period - Shot by Nathan MacKinnon.
6:26 of 3rd period - Shot Misses the Net.
6:50 of 3rd period - Shot by Joonas Donskoi.
6:50 of 3rd period - Stopped by Craig Anderson without a rebound.
6:51 of 3rd period - Leon Draisaitl wins face-off versus Phillip Danault in SPOKANE KNIGHTS zone.
7:01 of 3rd period - Phillip Danault is hit by Darnell Nurse and loses puck.
7:05 of 3rd period - Matthew Tkachuk is hit by Darnell Nurse and loses puck.
7:12 of 3rd period - Shot by Phillip Danault.
7:12 of 3rd period - Stopped by Martin Jones with a rebound.
7:13 of 3rd period - Minor Penalty to Darnell Nurse for High sticking.
7:14 of 3rd period - Vincent Trocheck wins face-off versus Tyler Bozak in ANCHORAGE ACES zone.
7:43 of 3rd period - Nate Thompson is hit by Vincent Trocheck and loses puck.
8:16 of 3rd period - Shot by Matthew Tkachuk.
8:16 of 3rd period - Shot Misses the Net.
8:18 of 3rd period - Shot by Victor Hedman.
8:18 of 3rd period - Shot Blocked by Ben Chiarot.
8:20 of 3rd period - Shot by Victor Hedman.
8:20 of 3rd period - Shot Misses the Net.
8:22 of 3rd period - Shot by Victor Hedman.
8:22 of 3rd period - Shot Blocked by Jacob Trouba.
8:33 of 3rd period - Shot by Victor Hedman.
8:33 of 3rd period - Shot Misses the Net.
8:35 of 3rd period - Shot by Kristopher Letang.
8:35 of 3rd period - Stopped by Martin Jones without a rebound.
8:36 of 3rd period - Sebastian Aho wins face-off versus Nate Thompson in ANCHORAGE ACES zone.
8:41 of 3rd period - Shot by Matthew Tkachuk.
8:41 of 3rd period - Goal by Matthew Tkachuk - ANCHORAGE ACES : 4 - SPOKANE KNIGHTS : 6.
8:42 of 3rd period - Nathan MacKinnon wins face-off versus Marcus Kruger in neutral zone.
9:25 of 3rd period - Connor McDavid is hit by Brooks Orpik and loses puck.
10:12 of 3rd period - Shot by Chris Kreider.
10:12 of 3rd period - Goal by Chris Kreider - ANCHORAGE ACES : 5 - SPOKANE KNIGHTS : 6.
10:13 of 3rd period - Sebastian Aho wins face-off versus Tyler Bozak in neutral zone.
10:18 of 3rd period - Shot by Tomas Hertl.
10:18 of 3rd period - Shot Blocked by Niklas Hjalmarsson.
10:27 of 3rd period - Tomas Hertl is hit by Ben Chiarot and loses puck.
10:33 of 3rd period - Sebastian Aho is hit by Ben Chiarot and loses puck.
10:39 of 3rd period - Tomas Hertl is hit by Ben Chiarot and loses puck.
10:44 of 3rd period - Shot by Sebastian Aho.
10:44 of 3rd period - Stopped by Martin Jones with a rebound.
11:29 of 3rd period - Shot by Matthew Tkachuk.
11:29 of 3rd period - Deflect By Patrick Kane.
11:29 of 3rd period - Stopped by Martin Jones without a rebound.
11:30 of 3rd period - Mikael Backlund wins face-off versus Nate Thompson in ANCHORAGE ACES zone.
11:47 of 3rd period - Shot by Vincent Trocheck.
11:47 of 3rd period - Shot Blocked by Ryan Suter.
12:07 of 3rd period - Icing by Vincent Trocheck.
12:08 of 3rd period - Jakob Silfverberg wins face-off versus Tyler Johnson in SPOKANE KNIGHTS zone.
12:19 of 3rd period - Shot by Jakob Silfverberg.
12:19 of 3rd period - Goal by Jakob Silfverberg - ANCHORAGE ACES : 6 - SPOKANE KNIGHTS : 6.
12:20 of 3rd period - Phillip Danault wins face-off versus Nathan MacKinnon in neutral zone.
12:47 of 3rd period - Shot by Connor McDavid.
12:47 of 3rd period - Deflect By Nathan MacKinnon.
12:47 of 3rd period - Shot Misses the Net.
13:17 of 3rd period - Anton Stralman is hit by Leon Draisaitl.
14:09 of 3rd period - Icing by Brooks Orpik.
14:10 of 3rd period - Sebastian Aho wins face-off versus Tyler Bozak in SPOKANE KNIGHTS zone.
14:15 of 3rd period - Shot by Blake Wheeler.
14:15 of 3rd period - Stopped by Martin Jones without a rebound.
14:16 of 3rd period - Mikael Backlund wins face-off versus Tyler Bozak in ANCHORAGE ACES zone.
14:22 of 3rd period - Vincent Trocheck is hit by Darnell Nurse and loses puck.
14:29 of 3rd period - Shot by Mikael Backlund.
14:29 of 3rd period - Shot Blocked by Darnell Nurse.
14:31 of 3rd period - Shot by Mikael Backlund.
14:31 of 3rd period - Stopped by Martin Jones without a rebound.
14:32 of 3rd period - Phillip Danault wins face-off versus Nathan MacKinnon in ANCHORAGE ACES zone.
15:01 of 3rd period - Shot by Nathan MacKinnon.
15:01 of 3rd period - Deflect By Connor McDavid.
15:01 of 3rd period - Stopped by Craig Anderson without a rebound.
15:02 of 3rd period - Leon Draisaitl wins face-off versus Mikael Backlund in SPOKANE KNIGHTS zone.
15:07 of 3rd period - Shot by Jakob Silfverberg.
15:07 of 3rd period - Stopped by Craig Anderson with a rebound.
15:09 of 3rd period - Shot by Leon Draisaitl.
15:09 of 3rd period - Stopped by Craig Anderson without a rebound.
15:10 of 3rd period - Leon Draisaitl wins face-off versus Mikael Backlund in SPOKANE KNIGHTS zone.
15:36 of 3rd period - Mikael Backlund is hit by Chris Kreider and loses puck.
16:43 of 3rd period - Off-side.
16:44 of 3rd period - Tyler Bozak wins face-off versus Sebastian Aho in neutral zone.
16:54 of 3rd period - Icing by Blake Wheeler.
16:55 of 3rd period - Sebastian Aho wins face-off versus Nate Thompson in SPOKANE KNIGHTS zone.
17:42 of 3rd period - Icing by Zdeno Chara.
17:43 of 3rd period - Sebastian Aho wins face-off versus Leon Draisaitl in SPOKANE KNIGHTS zone.
18:08 of 3rd period - Kristopher Letang is hit by Leon Draisaitl and loses puck.
18:26 of 3rd period - Shot by Phillip Danault.
18:26 of 3rd period - Stopped by Martin Jones with a rebound.
18:28 of 3rd period - Shot by Phillip Danault.
18:28 of 3rd period - Shot Misses the Net.
18:30 of 3rd period - Shot by Matthew Tkachuk.
18:30 of 3rd period - Stopped by Martin Jones without a rebound.
18:31 of 3rd period - Nathan MacKinnon wins face-off versus Mikael Backlund in ANCHORAGE ACES zone.
18:31 of 3rd period - Nathan MacKinnon is hit by Vincent Trocheck.
18:37 of 3rd period - Shot by Vincent Trocheck.
18:37 of 3rd period - Stopped by Martin Jones without a rebound.
18:38 of 3rd period - Nathan MacKinnon wins face-off versus Mikael Backlund in ANCHORAGE ACES zone.
19:09 of 3rd period - Shot by Connor McDavid.
19:09 of 3rd period - Stopped by Craig Anderson with a rebound.
19:50 of 3rd period - Leon Draisaitl is hit by Kristopher Letang and loses puck.
19:55 of 3rd period - Shot by Leon Draisaitl.
19:55 of 3rd period - Stopped by Craig Anderson without a rebound.
19:56 of 3rd period - Sebastian Aho wins face-off versus Tyler Bozak in SPOKANE KNIGHTS zone.
Goals for this period are 2 for ANCHORAGE ACES vs 2 for SPOKANE KNIGHTS.
Shots for this period are 10 for ANCHORAGE ACES vs 16 for SPOKANE KNIGHTS.

Overtime #1


0:01 of 1st overtime period - Nathan MacKinnon wins face-off versus Tomas Hertl in neutral zone.
0:30 of 1st overtime period - Shot by Tomas Hertl.
0:30 of 1st overtime period - Shot Misses the Net.
0:32 of 1st overtime period - Shot by Kristopher Letang.
0:32 of 1st overtime period - Stopped by Martin Jones without a rebound.
0:33 of 1st overtime period - Tomas Hertl wins face-off versus Nathan MacKinnon in ANCHORAGE ACES zone.
0:36 of 1st overtime period - Shot by Tomas Hertl.
0:36 of 1st overtime period - Shot Misses the Net.
0:38 of 1st overtime period - Shot by Sebastian Aho.
0:38 of 1st overtime period - Stopped by Martin Jones with a rebound.
0:40 of 1st overtime period - Shot by Tomas Hertl.
0:40 of 1st overtime period - Stopped by Martin Jones without a rebound.
0:41 of 1st overtime period - Tomas Hertl wins face-off versus Nathan MacKinnon in ANCHORAGE ACES zone.
0:44 of 1st overtime period - Shot by Sebastian Aho.
0:44 of 1st overtime period - Stopped by Martin Jones with a rebound.
0:46 of 1st overtime period - Shot by Sebastian Aho.
0:46 of 1st overtime period - Shot Blocked by Ryan Suter.
0:48 of 1st overtime period - Shot by Tomas Hertl.
0:48 of 1st overtime period - Deflect By Sebastian Aho.
0:48 of 1st overtime period - Shot Misses the Net.
0:56 of 1st overtime period - Shot by Tomas Hertl.
0:56 of 1st overtime period - Stopped by Martin Jones without a rebound.
0:57 of 1st overtime period - Nathan MacKinnon wins face-off versus Tomas Hertl in ANCHORAGE ACES zone.
1:24 of 1st overtime period - Shot by Connor McDavid.
1:24 of 1st overtime period - Shot Blocked by Kristopher Letang.
2:57 of 1st overtime period - Shot by Matthew Tkachuk.
2:57 of 1st overtime period - Stopped by Martin Jones without a rebound.
2:58 of 1st overtime period - Tomas Hertl wins face-off versus Nathan MacKinnon in ANCHORAGE ACES zone.
3:27 of 1st overtime period - Shot by Tomas Hertl.
3:27 of 1st overtime period - Shot Blocked by Ryan Suter.
3:29 of 1st overtime period - Shot by Sebastian Aho.
3:29 of 1st overtime period - Shot Misses the Net.
4:33 of 1st overtime period - Shot by Leon Draisaitl.
4:33 of 1st overtime period - Stopped by Craig Anderson without a rebound.
4:34 of 1st overtime period - Tyler Bozak wins face-off versus Tomas Hertl in SPOKANE KNIGHTS zone.
Goals for this period are 0 for ANCHORAGE ACES vs 0 for SPOKANE KNIGHTS.
Shots for this period are 1 for ANCHORAGE ACES vs 6 for SPOKANE KNIGHTS.

ShootOut


5:00 of 1st overtime period - Round #1.
5:00 of 1st overtime period - ANCHORAGE ACES, Connor McDavid.
5:00 of 1st overtime period - Goal by Connor McDavid.
5:00 of 1st overtime period - SPOKANE KNIGHTS, Matthew Tkachuk.
5:00 of 1st overtime period - Shot Misses the Net.
5:00 of 1st overtime period - Round #2.
5:00 of 1st overtime period - ANCHORAGE ACES, Nathan MacKinnon.
5:00 of 1st overtime period - Stopped by Craig Anderson.
5:00 of 1st overtime period - SPOKANE KNIGHTS, Patrick Kane.
5:00 of 1st overtime period - Shot Misses the Net.
5:00 of 1st overtime period - Round #3.
5:00 of 1st overtime period - ANCHORAGE ACES, Leon Draisaitl.
5:00 of 1st overtime period - Goal by Leon Draisaitl.


NATHAN
MACKINNON
PHILLIP
DANAULT
CONNOR
MCDAVID

EAST COAST

HOCKEY LEAGUE

  • 25.QUE4CHI5
  • 26.CHA2LIM3
  • 27.TRV2LON3
  • 28.CHW4BAL2
  • 29.PITMAN
  • 30.ATLNHW
  • 31.WORPET
  • 32.RHI